 Dungeon Crawl Stone Soup version 0.29.1-2-gbd0b4ee654 (webtiles) character file.

Game seed: 3398618802626307738

247 GorkyZ the Trooper (level 5, -4/42 HPs)
             Began as a Demonspawn Fighter on Nov 19, 2022.
             Slain by Edmund
             ... wielding a +2 flail of protection
              (9 damage)
             ... on level 3 of the Dungeon.
             The game lasted 00:07:42 (3881 turns).

GorkyZ the Trooper (Demonspawn Fighter)             Turns: 3881, Time: 00:07:43

Health: -4/42      AC:  9    Str: 18      XL:     5   Next: 85%
Magic:  5/5        EV:  9    Int:  8 (10) God:
Gold:   167        SH:  4    Dex:  9 (12) Spells: 4/4 levels left

rFire   . . .      SeeInvis .   a - +0 flail
rCold   . . .      Faith    .   c - +0 buckler
rNeg    . . .      Spirit   .   b - +0 scale mail
rPois   .          Reflect  .   (no helmet)
rElec   .          Harm     .   (no cloak)
rCorr   .          Rampage  .   (no gloves)
Will    .....                   (no boots)
Stlth   ..........              (no amulet)
HPRegen 0.14/turn               (no ring)
MPRegen 0.09/turn               (no ring)

@: no status effects
A: molten scales 2
a: no special abilities


You were on level 3 of the Dungeon.
You visited 1 branch of the dungeon, and saw 4 of its levels.

You collected 167 gold pieces.

Inventory:

Hand Weapons
 a - a +0 flail (weapon)
Missiles
 n - a throwing net (quivered)
 o - 3 boomerangs
Armour
 b - a +0 scale mail (worn)
 c - a +0 buckler (worn)
Jewellery
 m - an amulet of magic regeneration
Scrolls
 e - a scroll of blinking {unknown}
 h - a scroll of fear
 i - 3 scrolls of amnesia {unknown}
 k - a scroll of silence {unknown}
Potions
 d - a potion of might
 f - 2 potions of curing
 g - a potion of heal wounds
 j - a potion of flight
 l - 2 potions of attraction {unknown}


   Skills:
 + Level 4.0 Fighting
 + Level 2.9 Maces & Flails
 + Level 2.1 Throwing
 + Level 3.5 Armour
 + Level 3.5 Shields


You had 4 spell levels left.
You didn't know any spells.
Your spell library was empty.

Dungeon Overview and Level Annotations

Branches:
Dungeon (4/15)
 Temple: D:4-7

Altars:

Shops:
D:3 =

Annotations:
D:3 Edmund
D:4 Sigmund


Innate Abilities, Weirdness & Mutations

You are mostly covered in molten scales. (AC +3)


Message History

Sigmund shouts!
You hear a shout!
The orc priest calls down the wrath of Beogh upon you.
Beogh smites you!
You see here a +0 ring mail.
Edmund attacks as you move away!
Edmund hits you with a +2 flail of protection!
Edmund says, "You wouldn't believe how much I paid for this flail."
Edmund clears his throat.
Edmund attacks as you move away!
Edmund hits you with a +2 flail of protection!
* * * LOW HITPOINT WARNING * * *
Edmund attacks as you move away! Edmund barely misses you.
There is a stone staircase leading up here.
You block Edmund's attack.
You climb upwards.
There is a stone staircase leading down here.
You barely miss Edmund.
Edmund is heavily wounded.
Edmund hits you with a +2 flail of protection.
* * * LOW HITPOINT WARNING * * *
You hit Edmund but do no damage.
Edmund is heavily wounded.
Edmund barely misses you.
You hit Edmund.
Edmund is heavily wounded.
Edmund hits you with a +2 flail of protection.
* * * LOW HITPOINT WARNING * * *
You closely miss Edmund.
Edmund is heavily wounded.
Edmund hits you with a +2 flail of protection.
* * * LOW HITPOINT WARNING * * *
You block Edmund's attack.
You barely miss Edmund.
Edmund is heavily wounded.
Edmund hits you with a +2 flail of protection.
* * * LOW HITPOINT WARNING * * *
You hit Edmund but do no damage.
Edmund is heavily wounded.
Edmund hits you with a +2 flail of protection!
You die...

# #.....# #.# #. # #...#.#####.#
#######) ####
#...........###....... ...#
#..##.#####.##.#.#.#.# ...#
#..##.# #.#.......†. ...# #.)##.#
#.##.......# ...# #..##.#
#.#......... ...# #.....#
#.##....>..# ...# #..#.@#
#.#.........
)..#########....@#####.##.......#
...#.............................
...#..................###.#.#.#.#
...#...............>..# ##.##....
...#..................# #.##..##
...#..................# #.##.##
......................# #.##.#
####..................####.##.###


You could see Edmund.

Vanquished Creatures
  The ghost of Markus the Sneak, an amateur OpTm (D:3)
  4 gnolls (D:2)
  6 adders
  A dart slug (D:2)
  3 orcs (D:3)
  4 endoplasms
  5 giant cockroaches
  10 goblins
  7 hobgoblins
  8 jackals (D:2)
  3 kobolds
  4 quokkas
  6 ball pythons
  5 bats
  5 frilled lizards
  5 rats
77 creatures vanquished.

Notes
Turn   | Place    | Note
-------+----------+-------------------------------------------
     0 | D:1      | GorkyZ the Demonspawn Fighter began the quest for the Orb.
     0 | D:1      | Reached XP level 1. HP: 18/18 MP: 1/1
   508 | D:1      | Gained mutation: You are partially covered in molten
                  | scales. (AC +2) [demonic ancestry]
   508 | D:1      | Reached XP level 2. HP: 24/24 MP: 2/2
   782 | D:1      | Found a faded altar of an unknown god.
  1268 | D:2      | Reached XP level 3. HP: 29/29 MP: 3/3
  1355 | D:2      | Reached skill level 1 in Throwing
  2037 | D:2      | Reached XP level 4. HP: 32/35 MP: 4/4
  2699 | D:3      | Gained mutation: You are mostly covered in molten scales.
                  | (AC +3) [demonic ancestry]
  2699 | D:3      | Reached XP level 5. HP: 40/42 MP: 5/5
  2811 | D:3      | Found Quaxeg's Jewellery Boutique.
  2901 | D:3      | Found a runed translucent door.
  2905 | D:3      | Noticed Markus's ghost (amateur OpTm)
  2983 | D:3      | Killed Markus's ghost
  3223 | D:3      | Reached skill level 4 in Fighting
  3852 | D:4      | Noticed Edmund
  3862 | D:4      | Noticed Sigmund
  3881 | D:3      | Slain by Edmund

Illustrated notes

Levels and vault maps discovered:
D:1:      dpeg_arrival_morbid_curiosity, layout_basic,
          shapermc_ecumenical_altar_pompeii, item_on_display_a
D:2:      layout_loops_corners
D:3:      layout_basic, hellmonk_ghost_happy_afterlife, serial_shops, shop,
          st_stairs_4, minmay_misc_feat_alley
D:4:      layout_cave_pools, minmay_temple_entry_poolview, supply_closet_lemuel,
          nicolae_elevator_lobby_asterisk, uniq_sigmund, uniq_edmund

Skill      XL: |  1  2  3  4  5 |
---------------+----------------+-----
Maces & Flails | 2 |  2.9
Shields        | 3 |  3.5
Throwing       | 1 2 |  2.1
Armour         | 3 |  3.5
Fighting       | 4 |  4.0

Action                   |  1- 3 |  4- 6 || total
-------------------------+-------+-------++-------
Melee: Flail             |   137 |   149 ||   286
  Use: Scroll            |       |     6 ||     6
       Potion            |       |     2 ||     2
Armor: Scale mail        |    93 |    91 ||   184
Dodge: Dodged            |    75 |    94 ||   169
Block: Buckler           |    37 |    27 ||    64
